Unix xNetHack Version 8.0.0 - last build Mar 23 2024 02:42:02 (1964348d4f5f1cf1067ea9968e02252fcc83c468). Game began 2024-03-26 12:33:04, ended 2024-04-04 13:09:30. Okoto, chaotic female elven Wizard --------------------------------- ------ |...............................| ....> |.--------------..-----------...| .... |.|.*.*| |(((.|..|....| |...| .... |.|.!a+| |((!.|..-....| ...| .. |.-@@%[| |(((.-..|....| |...|# . |.-------+------..------- |...|######### |.............{....|..!.| |...|# ) |..----+--.........|.._.| |...|# # .. |.........|....| |...|# # |.. |........{|..).| |...|# # +..-+-----.........---|----+-...|# -)--- |...............................|##### |.<.| |.---- ----....-----+--|----....####?#-...| +.| +.... ..|..-...|# # |...| |.+ |.... |..|..|...| ....| --- ----- ----------- ----- Okoto the Thaumaturge St:12 Dx:13 Co:15 In:19 Wi:11 Ch:12 Chaotic S:3713 Dlvl:8 $:123 HP:0(43) Pw:79(79) AC:9 Xp:7/810 T:6430 Latest messages: The invisible gnomish wizard casts a spell! You pound the dwarf! You pound the dwarf. You kill the dwarf! You see here a dagger. You bash the invisible gnomish wizard. You pound the invisible gnomish wizard. You kill the invisible gnomish wizard! You are beginning to feel hungry. "Hello, Okoto! Welcome to Izchak's lighting store!" You see here 5 candles (for sale, 50 zorkmids). You hear a door open. This door is locked. Unlock it with your credit card? [ynq] (q) y You succeed in picking the lock. The door opens. The gnome lord hurls a brilliant blue potion! The brilliant blue potion slips as the gnome lord throws it! A brilliant blue potion shatters! The gnome lord punches you! You pound the gnome lord! The gnome lord punches you! You strike the gnome lord. You kill the gnome lord! You see here a gnome lord corpse. There is a gnome lord corpse here; eat it? [ynq] (n) y This gnome lord corpse is stringy. You no longer feel hungry. You finish eating the gnome lord corpse. The door opens. "Hello, Okoto! Welcome to Akalapi's general store!" You see here a ruby potion (for sale, 50 zorkmids). The soldier ant bites! The soldier ant stings! The soldier ant bites! The soldier ant stings! You write in the dust with a black gem {1}. What do you want to write in the dust here? Elbereth The soldier ant bites! The soldier ant stings! You stop. Akalapi is in the way! The soldier ant bites! The soldier ant stings! You die... Akalapi gratefully inherits all your possessions. Do you want to see what you had when you died? [ynq] (y) y Do you want to see your attributes? [ynq] (y) y Do you want an account of creatures vanquished? [ynaq] (y) n Do you want to see your conduct and achievements? [ynq] (y) y Do you want to see the dungeon overview? [ynq] (y) n Inventory: Inventory: 535/725 weight (36/52 slots) Coins $ - 123 gold pieces {1} Amulets w - an uncursed iron amulet of ESP {22} Weapons a - a blessed +1 quarterstaff (weapon in hands) {40} Armor z - a blessed +1 pair of dwarvish boots {50} F - an uncursed +2 pair of wooden dwarvish boots {18} u - an uncursed +0 pair of elven boots {15} b - an uncursed +0 cloak of magic resistance (being worn) {8} G - an uncursed +0 dwarvish cloak {10} Scrolls D - an uncursed scroll of blank paper {5} E - an uncursed scroll of identify {5} k - an uncursed scroll of magic mapping {5} r - an uncursed scroll of teleportation {5} q - a cursed scroll of water {5} Spellbooks N - an uncursed spellbook of clairvoyance {40} e - an uncursed spellbook of dig {45} c - a blessed spellbook of force bolt {35} d - a blessed spellbook of magic missile {40} f - an uncursed spellbook of restore ability {45} Potions h - a blessed potion of extra healing {20} H - an uncursed potion of hallucination {20} p - an uncursed potion of object detection {20} i - an uncursed potion of restore ability {20} Rings t - an uncursed ring of poison resistance {3} o - an uncursed ring of polymorph control {3} Wands s - a cursed wand of magic missile (0:6) {7} Tools g - an uncursed tooled horn {18} C - an uncursed credit card {1} l - a cursed oil lamp {20} Gems/Stones A - an uncursed amethyst stone {1} v - an uncursed jasper stone {1} L - an uncursed jet stone {1} I - an uncursed sapphire {1} J - an uncursed worthless piece of orange glass {1} n - an uncursed worthless piece of violet glass {1} j - an uncursed worthless piece of white glass {1} K - an uncursed worthless piece of yellow glass {1} y - an uncursed worthless piece of yellowish brown glass {1} Okoto the Wizard's attributes: Background: You were a Thaumaturge, a level 7 female elven Wizard. You were chaotic, on a mission for Anhur who was opposed by Ptah (lawful) and Thoth (neutral). You were heterosexual. You were in the Gnomish Mines, on level 8. You entered the dungeon 6430 turns ago. You had 810 experience points, 470 more were needed to attain level 8. Your score was 3713 before end-of-game adjustments. Basics: You had 0 out of 43 hit points. You had all 79 energy points (spell power). Your armor class was 9. Your wallet contained 123 zorkmids. Autopickup was off. Final Characteristics: Your strength was 12 (limit:18). Your dexterity was 13 (limit:18). Your constitution was 15 (limit:16). Your intelligence was 19 (limit:20). Your wisdom was 11 (limit:20). Your charisma was 12 (limit:18). Final Status: You were not hungry. You were unencumbered. You were wielding a quarterstaff. You had basic skill with quarterstaff and could have enhanced that. Final Attributes: You were piously aligned. You were magic-protected. You were sleep resistant. You were poison resistant. You were telepathic. You had infravision. You were warded. You were harmed by iron. You are dead. Miscellaneous: You never encountered a bones level. Total elapsed playing time was 2 hours, 16 minutes and 34 seconds. Major events: Turn 1: Okoto the chaotic female elven Wizard entered the dungeon 789: attained the rank of Conjurer (level 3) 3998: entered Sokoban 4112: attained the rank of Thaumaturge (level 6) 4405: entered the Gnomish Mines 6430: killed by a soldier ant Vanquished creatures: a leprechaun a dog 2 human zombies a rock mole a yellow light 3 shriekers 4 gnome leaders 2 gnomish wizards 3 elf zombies a ghoul a paper golem a giant ant 4 floating eyes a kitten 6 dwarves 2 rothes an orc zombie a wererat 3 iguanas 3 acid blobs 2 coyotes a hobbit a large kobold a hobgoblin a giant rat 2 cave spiders 3 brown molds 2 yellow molds a green mold a red mold 24 gnomes a gnome zombie 2 geckos 3 jackals 2 foxes 4 kobolds 3 sewer rats 6 grid bugs 5 lichens 2 kobold zombies 6 newts 115 creatures vanquished. No species were genocided or became extinct. Voluntary challenges: You read items or engraved 3 times. You never genocided any monsters. You never polymorphed an object. You never changed form. You never touched an artifact. You used no wishes. You were celibate. You never generated conflict. You did not violate any of the special Sokoban rules. Achievements: You attained the rank of Conjurer. You entered a shop. You entered Sokoban. You attained the rank of Thaumaturge. You entered the Gnomish Mines. You entered a temple. Dungeon overview: The Dungeons of Doom: levels 1 to 7 Level 1: A fountain, a grave. Level 2: A general store. Level 3: Level 4: Some fountains. Stairs down to The Gnomish Mines. Level 5: Many fountains. Oracle of Delphi. Level 6: A grave. Stairs up to Sokoban, level 5. Level 7: The Gnomish Mines: levels 5 to 8 Level 5: Level 7: Level 8: <- You were here. Some shops, a temple to Anhur, some fountains. Final resting place for you, killed by a soldier ant. Sokoban: Level 5: Unsolved. Game over: __________ / \ / REST \ / IN \ / PEACE \ / \ | Okoto | | 0 Au | | killed by a | | soldier ant | | | | | | 2024 | *| * * * | * _________)/\\_//(\/(/\)/\//\/|_)_______ Goodbye Okoto the Wizard... You died in The Gnomish Mines on dungeon level 8 with 3590 points, and 0 pieces of gold, after 6430 moves. You were level 7 with a maximum of 43 hit points when you died.